cohdb
Replays
Latest Replays
All Replays
Popular Replays
Top Player Replays
Match Explorer
How It Works
Community
CoH3 Stats
Reddit
Sign in to upload your games and track your stats! →
Sign in with Steam
Match 41778106
Unlisted
Match 41778106
Overview
Messages
Build Orders
End
Kradschützen Motorcycle Team
250 Light Carrier
Selects Armored Support Battlegroup
Panzergrenadier Squad
Panzergrenadier Squad
Construct Light Support Kompanie
Combat Half-tracks
Panzerjäger Squad
MG34 Team
Fire Support Elements
Flakvierling Half-track
Selects Veteran Gunners
Vehicle Survival Package
Assault Mechanized Group
2.5-tonne Medical Truck
Selects Flammpanzer III Medium Tank
Selects Salvage Kits
Construct Panzerarmee Kommand
Panzer III L Medium Tank
Selects Command Panzer IV F Medium Tank
Command Panzer IV F Medium Tank
Emergency Repair Kits
Panzer III L Medium Tank
(502) Bad Gateway
SlayerY
0
0
Comments
sign in to comment!
No comments posted yet!